 Dungeon Crawl Stone Soup version 0.31-a0-1008-g5b978dac0e (webtiles) character file.

Game seed: 10249941792945269381

229316 hypergardens the Warrior (level 18, -13/172 HPs)
             Began as a Minotaur Fighter on Nov 6, 2023.
             Was the Champion of Jiyva.
             Mangled by a nagaraja
             ... wielding a +0 club
              (18 damage)
             ... on level 4 of the Snake Pit on Nov 13, 2023.
             The game lasted 01:56:43 (24961 turns).

hypergardens the Warrior (Minotaur Fighter)        Turns: 24961, Time: 01:56:44

Health: -13/172    AC: 42    Str: 45    XL:     18   Next: 73%
Magic:  7/17       EV: 17    Int:  3    God:    Jiyva [******]
Gold:   1171       SH: 17    Dex: 16    Spells: 17/17 levels left

rFire   . . .        O - +5 broad axe (elec)
rCold   + + .        H - +2 kite shield {rC+}
rNeg    . . .        F - +8 plate armour {ponderous}
rPois   .            (helmet restricted)
rElec   .            c - +2 cloak {Will+}
rCorr   +            R - +3 pair of gauntlets of War {Slay+5}
SInv    .            (no boots)
Will    ++...        L - amulet of regeneration Stlth
                     B - +6 ring of strength
HPRegen 3.68/turn    a - +6 ring of strength
MPRegen 0.65/turn

%: clarity
@: mighty, lethally poisoned (-13 -> -23), weakened, untranslocatable, calling
ooze, constricted, slow
A: horns 2, retaliatory headbutt, iridescent scales 3, agile 2, clarity, cold
resistance 1, mutation resistance 2, sense surroundings 1, regeneration 1,
strong 2, wild magic 1, gelatinous body 2, jelly sensing items, jelly absorbing
missiles, MP-powered wands, engulf
}: 1/15 runes: abyssal
a: Renounce Religion, Oozemancy, Slimify


You were on level 4 of the Snake Pit.
You worshipped Jiyva.
Jiyva was exalted by your worship.
You visited 5 branches of the dungeon, and saw 29 of its levels.
You visited the Abyss 1 time.
You also visited: Ossuary and Ice Cave.

You collected 2819 gold pieces.
You spent 1648 gold pieces at shops.

Inventory:

Hand Weapons
 y - a +0 broad axe
 E - a +0 demon blade of freezing
 O - a +5 broad axe of electrocution (weapon)
Missiles
 j - 43 poisoned darts
Armour
 c - a +2 cloak of willpower (worn)
 F - a +8 plate armour of ponderousness (worn)
 H - a +2 kite shield of cold resistance (worn)
 R - the +3 pair of gauntlets of War (worn) {Slay+5}
   (You found it on level 15 of the Dungeon)

   Slay+5:    It affects your accuracy & damage with ranged weapons and melee
   (+5).
 V - the +0 pair of gloves "Budell" {rF+ Int+5}
   (You bought it in a shop on level 1 of the Elven Halls)

   Int+5:     It affects your intelligence (+5).
   rF+:       It protects you from fire.
Jewellery
 a - a +6 ring of strength (right hand)
 b - the ring "Soifrol" {Wiz rCorr}
   (You found it on level 4 of the Snake Pit)

   [ring of wizardry]

   Wiz:       It improves your spell success rate.
   rCorr:     It protects you from acid and corrosion.
 g - a ring of protection from fire
 z - a ring of protection from cold
 A - an amulet of faith
 B - a +6 ring of strength (left hand)
 L - an amulet of regeneration (around neck)
Wands
 o - a wand of quicksilver (16)
 v - a wand of charming (9)
 w - a wand of flame (46) (quivered)
 J - a wand of mindburst (11)
 T - a wand of iceblast (5)
Scrolls
 e - a scroll of brand weapon {unknown}
 i - 5 scrolls of poison
 l - 4 scrolls of immolation
 q - a scroll of torment
 s - 5 scrolls of fog
 x - a scroll of identify
 C - 3 scrolls of vulnerability
 D - a scroll of fear
 G - 4 scrolls of blinking
 K - 2 scrolls of revelation
 M - 5 scrolls of teleportation
 U - 2 scrolls of amnesia
 W - a scroll of enchant weapon
 Y - 2 scrolls of enchant armour
 Z - a scroll of silence
Potions
 d - 2 potions of might
 f - 8 potions of curing
 h - 5 potions of brilliance
 k - 3 potions of cancellation
 m - 5 potions of berserk rage
 n - a potion of magic {unknown}
 p - a potion of haste
 r - 3 potions of mutation
 t - 5 potions of heal wounds
 u - 2 potions of enlightenment
 I - 2 potions of lignification {unknown}
 N - a potion of degeneration {unknown}
 P - 5 potions of attraction
 Q - 2 potions of invisibility {unknown}
Miscellaneous
 S - a phial of floods


   Skills:
 + Level 18.0 Fighting
 - Level 15.9(16.0) Axes
 - Level 2.0(10.6) Polearms
 + Level 18.0 Armour
 + Level 16.3 Dodging
 + Level 18.0 Shields
 + Level 12.4 Evocations


You had 17 spell levels left.
You didn't know any spells.
Your spell library contained the following spells:

 Spells                   Type           Power      Damage    Failure   Level
 Necrotise                Necr           0%         1d4       94%         1
 Slow                     Hex            0%         N/A       94%         1
 Summon Small Mammal      Summ           0%         N/A       94%         1
 Cigotuvi's Dreadful Rot  Necr/Pois/Air  0%         N/A       98%         2
 Scorch                   Fire           0%         2d5       98%         2
 Sublimation of Blood     Necr           0%         N/A       98%         2
 Wereblood                Tmut           0%         N/A       98%         2
 Call Canine Familiar     Summ           0%         N/A       100%        3
 Confusing Touch          Hex            0%         N/A       100%        3
 Hailstorm                Conj/Ice       0%         3d3       100%        3
 Sigil of Binding         Hex            0%         N/A       100%        3
 Summon Guardian Golem    Hex/Summ       0%         N/A       100%        3
 Vampiric Draining        Necr           0%         2d6       100%        3
 Volatile Blastmotes      Fire/Tloc      0%         2d10      100%        3
 Dispel Undead            Necr           0%         3d6       100%        4
 Flame Wave               Conj/Fire      0%         2d4       100%        4
 Fulminant Prism          Conj/Hex       0%         3d5       100%        4
 Iskenderun's Mystic Bla  Conj/Tloc      0%         2d3       100%        4
 Sticky Flame             Conj/Fire      0%         2d3       100%        4
 Summon Ice Beast         Ice/Summ       0%         N/A       100%        4
 Agony                    Necr           0%         N/A       100%        5
 Summon Mana Viper        Hex/Summ       0%         N/A       100%        5
 Conjure Ball Lightning   Conj/Air       0%         3x3d6     100%        6
 Death Channel            Necr           0%         N/A       100%        6
 Summon Cactus Giant      Summ           0%         N/A       100%        6
 Monstrous Menagerie      Summ           0%         N/A       100%        7
 Summon Hydra             Summ           0%         N/A       100%        7
 Maxwell's Capacitive Co  Air            0%         ∞         100%        8


Dungeon Overview and Level Annotations

Branches:
Dungeon (15/15)            Temple (0/1) D:4            Lair (5/5) D:11
  Swamp (0/4) Lair:2        Snake (4/4) Lair:3        Slime (0/5) Lair:4
    Orc (2/2) D:10            Elf (3/3) Orc:2        Vaults (0/5) D:13
 Depths (0/4) D:15        Ossuary (visited)           IceCv (visited)

Altars:
Cheibriados
Fedhas
Gozag
Hepliaklqana
Qazlal
Yredelemnul
Zin
The Shining One
Jiyva
Lugonu

Shops:
D:2 (   D:6 [(==   D:8 ?[(=:   D:10 *   D:15 *   Orc:2 ?((?   Elf:1 *   Elf:2 (
Elf:3 [   Snake:2 ?   Snake:3 :=


Innate Abilities, Weirdness & Mutations

You have a pair of horns on your head.
You reflexively headbutt those who attack you in melee.
You are completely covered in iridescent scales. (AC +6)
You are very agile. (Dex +8, Str/Int -2)
You possess an exceptional clarity of mind.
Your flesh is cold resistant. (rC+)
You are somewhat resistant to both further mutation and mutation removal.
You passively map a small area around you.
Your natural rate of healing is unusually fast.
Your muscles are very strong. (Str +8, Int/Dex -2)
Your spells are a little harder to cast, but a little more powerful.
Your pliable body absorbs attacks. (AC +2, EV +2)
You have a small jelly attached to you that senses nearby items.
You have a small jelly attached to you that may absorb projectiles.
You expend magic power (3 MP) to strengthen your wands.
Your melee attacks may engulf your foes in ooze.


Message History

The salamander tyrant is moderately wounded.
You hit the nagaraja. Lightning courses through the nagaraja!
You hit the naga mage but do no damage.
Lightning courses through the naga mage!
You slash the nagaraja!
You feel very sick.
The wall burns the nagaraja!
You block the naga's attack. The nagaraja hits you with a +0 club.
The nagaraja grabs you. The nagaraja constricts you.
The walls burn the salamander tyrant!
You block the salamander tyrant's attack.
The wall burns the salamander!
You slash the salamander tyrant!
You engulf the salamander tyrant in ooze!
You headbutt the salamander tyrant.
The salamander tyrant is severely wounded.
You slash the nagaraja! x2
You kill the nagaraja!
You slash the naga mage!
You feel very sick.
The salamander tyrant is asphyxiated!
A naga comes into view. It is wielding a +0 trident.
The nagaraja casts a spell at you. The poison arrow hits you!!
You are more poisoned.
* * * LOW HITPOINT WARNING * * *
The nagaraja constricts you.
The naga hits you from afar with a +0 antimagic trident!!
* * * LOW HITPOINT WARNING * * *
You feel your power leaking away.
As you read the scroll of fear, it crumbles to dust.
You assume a fearsome visage.
The salamander tyrant looks frightened!
The nagaraja resists with almost no effort.
The naga looks frightened!
The guardian serpent looks frightened!
The naga warrior easily resists.
The naga mage looks frightened!
The salamander looks frightened!
The naga looks frightened!
The naga shouts!
* * * LOW HITPOINT WARNING * * *
You feel extremely sick.
The salamander tyrant is asphyxiated!
The nagaraja hits you with a +0 club!!
You die...

#......# * ...... #......#
.N.... #......# #...#.. #
#......# ####.N.....
######......#####..........
..........................#
.............#..S.N.....#*
........)....#.NNNN..####
...............)@#####
.#####......###### ##
#......# #......# #......#
##....## #....#
#######....#########
......))..#........#


You could see a nagaraja (fast, strong), a naga warrior, a salamander tyrant
(strong, fleeing, asphyxiating), a salamander (fleeing), a guardian serpent
(fleeing), a naga mage (strong, fleeing) and 2 nagas.

Vanquished Creatures
  Rupert (D:13)
  3 deep elf blademasters (Elf:3)
  3 deep elf master archers (Elf:3)
  2 quicksilver dragons (Abyss:3)
  2 sphinxes (Elf:1)
  Frances (Snake:2)
  Donald (Snake:2)
  Kirke (D:12)
  Aizul (Snake:1)
  Roxanne (Snake:1)
  A fire giant (D:13)
  2 nagarajas (Snake:4)
  A frost giant (D:14)
  6 deep elf sorcerers
  3 orc warlords (Orc:2)
  3 cacodemons (Abyss:3)
  4 deep elf elementalists
  Nessos (Orc:2)
  A dire elephant (Lair:5)
  The ghost of grizmgrazm2 the Eclecticist, a journeyman DECj of Vehumet (Lair:4)
  8 deep elf annihilators
  The ghost of pzskc383 the Cleaver, a journeyman GrFi of Okawaru (Lair:4)
  6 deep elf death magi
  A quicksilver dragon zombie (D:15)
  3 fire dragons
  A yaktaur captain (D:14)
  2 deep elf high priests (Elf:3)
  A rakshasa (D:15)
  An ice dragon (Lair:2)
  A salamander tyrant (Snake:4)
  A hell beast (Elf:1)
  8 anacondas
  An ogre mage (D:15)
  2 catoblepae
  4 boulder beetles
  13 dancing weapons
  A sphinx skeleton (D:15)
  13 hydras
  6 naga warriors
  12 death yaks
  3 centaur warriors
  A hell hog (Elf:3)
  2 tengu warriors
  12 two-headed ogres
  4 orc high priests (Orc:2)
  3 shock serpents
  4 thrashing horrors (Abyss:3)
  8 deep elf knights
  8 naga sharpshooters
  Sonja (Lair:2)
  2 salamander mystics
  2 skeletal warriors (D:15)
  A storm dragon skeleton (D:15)
  A flayed ghost (D:15)
  5 naga ritualists
  8 deep elf archers
  A bog body (Lair:2)
  2 lindwurms (Lair:5)
  20 deep elf pyromancers
  4 harpies (Elf:1)
  14 starcursed masses (Abyss:3)
  6 mana vipers
  5 orc knights
  17 deep elf zephyrmancers
  6 ugly things
  A wolf spider (Lair:5)
  A necromancer (D:15)
  6 orc sorcerers (Orc:2)
  8 manticores
  5 cyclopes
  18 elephants
  27 black mambas
  19 large abominations (Abyss:3)
  11 salamanders
  3 guardian serpents
  A smoke demon (Abyss:3)
  An ice statue (IceCv)
  13 naga magi
  6 rime drakes
  A torpor snail (Lair:1)
  3 unseen horrors
  A gargoyle (D:12)
  9 cane toads
  3 ice devils
  A freezing wraith (D:14)
  3 tengu conjurers
  3 anaconda simulacra (IceCv)
  4 ancient zymes (Abyss:3)
  5 komodo dragons
  6 kobold demonologists
  A queen bee (shapeshifter) (Elf:1)
  A wind drake (shapeshifter) (D:15)
  10 trolls
  4 polar bears
  3 hornets (Lair:5)
  A harpy skeleton (Abyss:3)
  A raiju (Abyss:3)
  A hellwing (Abyss:3)
  28 blink frogs
  7 dream sheep (Lair:5)
  2 raiju (shapeshifter)
  12 small abominations (Abyss:3)
  3 flying skulls (Abyss:3)
  2 air elementals
  Sigmund (D:6)
  A ynoxinul (Abyss:3)
  A shadow (D:11)
  A yak (shapeshifter) (Elf:1)
  2 wraiths
  2 water elementals (Elf:1)
  2 dire elephant simulacra (IceCv)
  A human (shapeshifter) (D:14)
  70 yaks
  3 basilisks
  12 wyverns
  A fire elemental (Elf:2)
  3 hogs (D:12)
  3 steam dragons
  12 vampire mosquitoes
  2 death yak simulacra (IceCv)
  4 redbacks (Lair:5)
  Menkaure (D:5)
  34 nagas
  2 acid dragons (D:11)
  2 wargs (Orc:2)
  18 water moccasins
  4 ice beasts
  44 orc warriors
  3 black bears
  2 sky beasts
  14 ogres
  19 centaurs
  A phantom (D:6)
  5 kobold brigands
  5 bullfrogs
  An elf zombie (Ossuary)
  A gnoll sergeant (D:7)
  9 two-headed ogre simulacra (IceCv)
  An earth elemental (Elf:3)
  3 scorpions
  2 cane toad simulacra (IceCv)
  8 wights
  An elephant simulacrum (IceCv)
  7 killer bees
  5 electric eels
  A lava snake (D:8)
  21 orc priests
  4 hounds
  A bullfrog skeleton (D:8)
  2 centaur zombies (Ossuary)
  A human zombie (Ossuary)
  2 iguanas
  20 orc wizards
  A scorpion zombie (D:8)
  A polar bear simulacrum (IceCv)
  3 hell rats (Elf:1)
  4 spriggan simulacra (IceCv)
  5 troll simulacra (IceCv)
  2 wolf simulacra (IceCv)
  A killer bee zombie (D:8)
  2 mummies (Ossuary)
  A howler monkey skeleton (D:8)
  5 adders
  14 gnolls
  2 naga simulacra (IceCv)
  9 white imps
  5 ufetubi
  2 worms
  4 dart slugs
  84 orcs
  4 ball pythons
  3 giant cockroaches
  2 gnoll zombies (Ossuary)
  7 goblins
  4 hobgoblins
  10 jackals
  34 kobolds
  2 bats
  6 frilled lizards
  3 goblin zombies (Ossuary)
  3 hobgoblin zombies (Ossuary)
  2 orc zombies (Ossuary)
  5 rats
  A lurking horror (Abyss:3)
  A spectral weapon (Elf:3)
1097 creatures vanquished.

Vanquished Creatures (collateral kills)
  A reaper (IceCv)
1 creature vanquished.

Vanquished Creatures (others)
  An Executioner (Abyss:3)
  6 slime creatures (Abyss:3)
  A naga warrior (Snake:4)
  2 deep elf knights
  5 large abominations (Abyss:3)
  4 glowing orange brains (Abyss:3)
  A deep elf pyromancer (Elf:1)
  3 shining eyes (Abyss:3)
  A deep elf zephyrmancer (Elf:1)
  A cyclops (shapeshifter) (Abyss:3)
  A kobold demonologist (D:10)
  2 glass eyes (Abyss:3)
  2 blink frogs
  A spriggan (shapeshifter) (D:15)
  A water elemental (Elf:3)
  13 golden eyes (Abyss:3)
  A yak (Lair:1)
  An orc warrior (Orc:2)
  A centaur (D:7)
  An ogre (Orc:2)
  2 bullfrogs
  A howler monkey (D:9)
  141 jellies
  7 small abominations (Abyss:3)
  6 orc priests (Orc:2)
  A hound (D:4)
  A scorpion zombie (D:8)
  A sleepcap (D:8)
  2 orc wizards (Orc:2)
  2 killer bee zombies (D:8)
  A gnoll (D:4)
  An ufetubus (IceCv)
  13 orcs
  3 endoplasms
  A goblin (D:4)
  5 hobgoblins
  A quokka (D:2)
  3 rats
  A butterfly (Lair:1)
  A lurking horror (Abyss:3)
243 creatures vanquished.

Grand Total: 1341 creatures vanquished

Notes
Turn   | Place    | Note
-------+----------+-------------------------------------------
     0 | D:1      | hypergardens the Minotaur Fighter began the quest for the
                  | Orb.
     0 | D:1      | Reached XP level 1. HP: 19/19 MP: 0/0
   132 | D:1      | Reached skill level 1 in Polearms
   156 | D:1      | Reached XP level 2. HP: 26/26 MP: 1/1
   161 | D:1      | Found a faded altar of an unknown god.
   196 | D:1      | Prayed at the altar of an unknown god.
   196 | D:1      | Became a worshipper of Jiyva Jiudiud the Shapeless
   196 | D:1      | Reached * piety under Jiyva
   663 | D:1      | Reached XP level 3. HP: 31/31 MP: 2/2
   770 | D:2      | Reached ** piety under Jiyva
  1220 | D:3      | Identified the +0 robe "Niac" {*Corrode rN+++ Str+3 Dex+2}
  1299 | D:3      | Reached *** piety under Jiyva
  1330 | D:3      | Reached XP level 4. HP: 38/39 MP: 3/3
  1485 | D:3      | Gained mutation: Your spells are a little harder to cast,
                  | but a little more powerful. [Jiyva's grace]
  1485 | D:3      | Gained mutation: Your spells are harder to cast, but more
                  | powerful. [Jiyva's grace]
  1485 | D:3      | Gained mutation: Your spells are much harder to cast, but
                  | much more powerful. [Jiyva's grace]
  1485 | D:3      | Gained mutation: Your melee attacks may engulf your foes in
                  | ooze. [Jiyva's grace]
  1539 | D:3      | Reached skill level 5 in Axes
  1724 | D:4      | Noticed a kobold brigand
  1735 | D:4      | Killed a kobold brigand
  1736 | D:4      | Reached XP level 5. HP: 41/45 MP: 4/4
  1849 | D:4      | Found a staircase to the Ecumenical Temple.
  1898 | D:4      | Reached **** piety under Jiyva
  1924 | D:4      | Reached XP level 6. HP: 50/51 MP: 5/5
  2405 | D:4      | Found a stormy altar of Qazlal.
  2878 | D:4      | Upgraded the game from 0.31-a0-996-g3b49de5836 to
                  | 0.31-a0-1002-g8e65716e6e
  2910 | D:5      | Entered Level 5 of the Dungeon
  2966 | D:5      | Reached XP level 7. HP: 57/57 MP: 6/6
  3074 | D:5      | Noticed Menkaure
  3084 | D:5      | Killed Menkaure
  3501 | D:6      | Found Ufagouh's Antique Armour Boutique.
  3545 | D:6      | Reached skill level 10 in Axes
  3570 | D:6      | Noticed a steam dragon
  3586 | D:6      | Killed a steam dragon
  3901 | D:2      | Lost mutation: Your spells are much harder to cast, but
                  | much more powerful. [Jiyva's grace]
  3901 | D:2      | Lost mutation: Your spells are harder to cast, but more
                  | powerful. [Jiyva's grace]
  3901 | D:2      | Gained mutation: Your rubbery body absorbs attacks. (AC +1,
                  | EV +1) [Jiyva's grace]
  3901 | D:2      | Gained mutation: Your pliable body absorbs attacks. (AC +2,
                  | EV +2) [Jiyva's grace]
  3901 | D:2      | Gained mutation: Your gelatinous body deflects attacks. (AC
                  | +3, EV +3) [Jiyva's grace]
  3901 | D:2      | Gained mutation: You have a small jelly attached to you
                  | that senses nearby items. [Jiyva's grace]
  3977 | D:2      | Found Sucvegeq's Antique Weapon Boutique.
  4296 | D:6      | Found an opulent altar of Gozag.
  4315 | D:6      | Reached XP level 8. HP: 64/64 MP: 7/7
  4328 | D:6      | Reached ***** piety under Jiyva
  4328 | D:6      | Found Kyprys's Jewellery Boutique.
  4407 | D:6      | Found Kesut's Jewellery Shoppe.
  4489 | D:6      | Found a snail-covered altar of Cheibriados.
  4499 | D:6      | Found Nenov's Weapon Shop.
  4686 | D:6      | Noticed Sigmund
  4693 | D:6      | Killed Sigmund
  4720 | D:6      | Found a blossoming altar of Fedhas.
  4913 | D:7      | Identified the +1 robe of Vexation {+Blink rElec Int+7
                  | Dex+3}
  5039 | D:7      | Found a glowing silver altar of Zin.
  5124 | D:7      | Identified the blade talisman of Card Tricks {Int+4}
  5153 | D:7      | Reached XP level 9. HP: 48/70 MP: 8/8
  5429 | D:8      | Found Folluygh's Armour Shop.
  5631 | D:8      | Found a sand-covered staircase.
  5638 | Ossuary  | Entered an ossuary
  5704 | Ossuary  | Reached skill level 15 in Axes
  5786 | D:8      | Lost mutation: Your gelatinous body deflects attacks. (AC
                  | +3, EV +3) [Jiyva's grace]
  5786 | D:8      | Gained mutation: Your gelatinous body deflects attacks. (AC
                  | +3, EV +3) [Jiyva's grace]
  5786 | D:8      | Gained mutation: Your muscles are strong. (Str +4, Int/Dex
                  | -1) [Jiyva's grace]
  5786 | D:8      | Gained mutation: Your muscles are very strong. (Str +8,
                  | Int/Dex -2) [Jiyva's grace]
  5786 | D:8      | Gained mutation: You are agile. (Dex +4, Str/Int -1)
                  | [Jiyva's grace]
  6059 | D:8      | Found Ruuruq Qohech's Jewellery Shop.
  6080 | D:8      | Found Kitsekke's Book Shop.
  6102 | D:8      | Found Zori's Weapon Shop.
  6147 | D:8      | Found Zamoinam's Magic Scroll Emporium.
  6269 | D:9      | Noticed a troll
  6275 | D:9      | Found a glowing golden altar of the Shining One.
  6284 | D:9      | Killed a troll
  6303 | D:9      | Noticed a troll
  6314 | D:9      | Killed a troll
  6315 | D:9      | Reached skill level 1 in Dodging
  6381 | D:9      | Reached ****** piety under Jiyva
  6547 | D:9      | Killed an unseen horror
  6548 | D:9      | Reached XP level 10. HP: 73/80 MP: 9/9
  6579 | D:9      | Noticed a two-headed ogre
  6598 | D:9      | Killed a two-headed ogre
  6599 | D:9      | Reached skill level 5 in Fighting
  6599 | D:9      | Reached skill level 5 in Armour
  6599 | D:9      | Reached skill level 5 in Shields
  6934 | D:10     | Entered Level 10 of the Dungeon
  7027 | D:10     | Noticed a two-headed ogre
  7046 | D:10     | Killed a two-headed ogre
  7118 | D:10     | Found a hazy altar of Hepliaklqana.
  7128 | D:10     | Lost mutation: Your gelatinous body deflects attacks. (AC
                  | +3, EV +3) [Jiyva's grace]
  7128 | D:10     | Lost mutation: Your pliable body absorbs attacks. (AC +2,
                  | EV +2) [Jiyva's grace]
  7128 | D:10     | Gained mutation: You have acidic saliva. [Jiyva's grace]
  7128 | D:10     | Gained mutation: Your body has grown eyes which may confuse
                  | attackers. (Acc +3) [Jiyva's grace]
  7128 | D:10     | Gained mutation: Your body has grown many eyes which may
                  | confuse attackers. (Acc +5) [Jiyva's grace]
  7128 | D:10     | Gained mutation: Your body is covered in eyes which may
                  | confuse attackers. (Acc +7, SInv) [Jiyva's grace]
  7154 | D:10     | Reached skill level 5 in Dodging
  7237 | D:10     | Found a staircase to the Orcish Mines.
  7248 | D:10     | Reached XP level 11. HP: 90/92 MP: 10/10
  7294 | D:10     | Found Rexeseb's General Store.
  7576 | D:10     | Found a corrupted altar of Lugonu.
  7599 | D:11     | Noticed a two-headed ogre
  7611 | D:11     | Killed a two-headed ogre
  7627 | D:11     | Found a staircase to the Lair.
  7644 | D:11     | Noticed a boulder beetle
  7664 | D:11     | Killed a boulder beetle
  8386 | D:12     | Noticed a boulder beetle
  8397 | D:12     | Killed a boulder beetle
  8526 | D:12     | Noticed Kirke
  8536 | D:12     | Killed Kirke
  8605 | D:12     | Noticed a two-headed ogre
  8608 | D:12     | Killed a two-headed ogre
  8609 | D:12     | Reached XP level 12. HP: 104/104 MP: 11/11
  8846 | D:8      | Bought a +8 plate armour of ponderousness for 560 gold
                  | pieces
  8936 | D:14     | Identified the of Pynoz
  8936 | Lair:1   | Entered Level 1 of the Lair of Beasts
  8961 | Lair:1   | Reached skill level 1 in Evocations
  9133 | Lair:1   | Reached skill level 10 in Fighting
  9135 | Lair:1   | Reached skill level 10 in Armour
  9135 | Lair:1   | Reached skill level 10 in Shields
  9266 | Lair:1   | Gained mutation: Your flesh is cold resistant. (rC+)
                  | [Jiyva's grace]
  9266 | Lair:1   | Gained mutation: Your flesh is very cold resistant. (rC++)
                  | [Jiyva's grace]
  9266 | Lair:1   | Gained mutation: Your flesh is almost immune to the effects
                  | of cold. (rC+++) [Jiyva's grace]
  9266 | Lair:1   | Gained mutation: You are partially covered in large bone
                  | plates. (SH +4) [Jiyva's grace]
  9761 | Lair:2   | Found a frozen archway.
  9777 | IceCv    | Entered an ice cave
 10460 | IceCv    | Noticed a reaper
 10469 | IceCv    | Killed a reaper
 10470 | IceCv    | Reached XP level 13. HP: 53/115 MP: 12/12
 10872 | Lair:2   | Noticed Sonja
 10882 | Lair:2   | Killed Sonja
 10940 | Lair:2   | Found a staircase to the Swamp.
 11717 | Lair:3   | Lost mutation: Your flesh is almost immune to the effects
                  | of cold. (rC+++) [Jiyva's grace]
 11717 | Lair:3   | Lost mutation: Your muscles are very strong. (Str +8,
                  | Int/Dex -2) [Jiyva's grace]
 11717 | Lair:3   | Lost mutation: You have acidic saliva. [Jiyva's grace]
 11717 | Lair:3   | Lost mutation: Your body is covered in eyes which may
                  | confuse attackers. (Acc +7, SInv) [Jiyva's grace]
 11717 | Lair:3   | Gained mutation: Your muscles are very strong. (Str +8,
                  | Int/Dex -2) [Jiyva's grace]
 11717 | Lair:3   | Gained mutation: You are somewhat resistant to further
                  | mutation. [Jiyva's grace]
 11717 | Lair:3   | Gained mutation: You are somewhat resistant to both further
                  | mutation and mutation removal. [Jiyva's grace]
 11717 | Lair:3   | Gained mutation: You are almost entirely resistant to
                  | further mutation and mutation removal. [Jiyva's grace]
 11744 | Lair:3   | Reached skill level 5 in Evocations
 11784 | Lair:3   | Reached skill level 10 in Dodging
 12272 | Lair:3   | Found a staircase to the Snake Pit.
 12628 | Lair:4   | Found a runed translucent gate.
 12628 | Lair:4   | Found a runed translucent gate.
 12628 | Lair:4   | Found a runed translucent gate.
 12911 | Lair:4   | Found a viscous altar of Jiyva.
 12911 | Lair:4   | Found a staircase to the Slime Pits.
 13049 | Lair:4   | Lost mutation: You are agile. (Dex +4, Str/Int -1) [Jiyva's
                  | grace]
 13049 | Lair:4   | Lost mutation: Your flesh is very cold resistant. (rC++)
                  | [Jiyva's grace]
 13049 | Lair:4   | Gained mutation: You passively map a small area around you.
                  | [Jiyva's grace]
 13049 | Lair:4   | Gained mutation: You passively map the area around you.
                  | [Jiyva's grace]
 13049 | Lair:4   | Gained mutation: You passively map a large area around you.
                  | [Jiyva's grace]
 13049 | Lair:4   | Gained mutation: You are agile. (Dex +4, Str/Int -1)
                  | [Jiyva's grace]
 13103 | Lair:4   | Reached XP level 14. HP: 110/127 MP: 13/13
 13193 | Lair:4   | Noticed pzskc383's ghost (journeyman GrFi)
 13194 | Lair:4   | Noticed grizmgrazm2's ghost (journeyman DECj)
 13525 | Lair:4   | Killed grizmgrazm2's ghost
 13529 | Lair:4   | Killed pzskc383's ghost
 13555 | Lair:5   | Entered Level 5 of the Lair of Beasts
 14415 | Lair:5   | Identified the +5 double sword of Incongruity {heavy, rN+}
 14423 | Lair:5   | Identified a scroll of acquirement
 14423 | Lair:5   | Acquired a +4 broad axe of electrocution
 14738 | Lair:5   | Reached XP level 15. HP: 134/137 MP: 14/14
 15072 | Lair:5   | Upgraded the game from 0.31-a0-1002-g8e65716e6e to
                  | 0.31-a0-1005-gfbdfbacc72
 15193 | Orc:1    | Entered Level 1 of the Orcish Mines
 15385 | Orc:2    | Entered Level 2 of the Orcish Mines
 15539 | Orc:2    | Noticed Nessos
 15559 | Orc:2    | Killed Nessos
 15625 | Orc:2    | Paralysed by an orc sorcerer for 2 turns
 15723 | Orc:2    | Found Xohotuin's Magic Scroll Boutique.
 15746 | Orc:2    | Bought a scroll of identify for 20 gold pieces
 15746 | Orc:2    | Bought a scroll of identify for 20 gold pieces
 15753 | Orc:2    | Found Pome Ona's Antique Weapon Shop.
 16085 | Orc:2    | Found a staircase to the Elven Halls.
 16429 | Orc:2    | Found Tyebou's Antique Weapon Shoppe.
 16434 | Orc:2    | Lost mutation: You are almost entirely resistant to further
                  | mutation and mutation removal. [Jiyva's grace]
 16434 | Orc:2    | Lost mutation: You are somewhat resistant to both further
                  | mutation and mutation removal. [Jiyva's grace]
 16434 | Orc:2    | Lost mutation: You passively map a large area around you.
                  | [Jiyva's grace]
 16434 | Orc:2    | Gained mutation: You possess an exceptional clarity of
                  | mind. [Jiyva's grace]
 16434 | Orc:2    | Gained mutation: You are somewhat resistant to both further
                  | mutation and mutation removal. [Jiyva's grace]
 16434 | Orc:2    | Gained mutation: You are almost entirely resistant to
                  | further mutation and mutation removal. [Jiyva's grace]
 16434 | Orc:2    | Gained mutation: You have a small jelly attached to you
                  | that may absorb projectiles. [Jiyva's grace]
 16609 | Orc:2    | Found Wueniq's Magic Scroll Emporium.
 16821 | Swamp:4  | Identified the "Mexuyrph"
 16821 | Vaults:5 | Identified the "Xysch"
 16821 | Vaults:5 | Identified the of Niasaash
 16821 | Crypt:3  | Identified the of Reirrea
 16821 | Elf:1    | Entered Level 1 of the Elven Halls
 17041 | Elf:1    | Noticed a sphinx
 17047 | Elf:1    | Killed a sphinx
 17151 | Elf:1    | Found Zoynt's General Store.
 17161 | Elf:1    | Bought the +0 pair of gloves "Budell" {rF+ Int+5} for 551
                  | gold pieces
 17300 | Elf:1    | Reached XP level 16. HP: 128/147 MP: 15/15
 17317 | Elf:1    | Reached skill level 15 in Fighting
 17320 | Elf:1    | Reached skill level 15 in Armour
 17337 | Elf:1    | Reached skill level 15 in Shields
 17385 | Elf:1    | Paralysed by an air elemental for 1 turns
 17388 | Elf:1    | Noticed a sphinx
 17397 | Elf:1    | Killed a sphinx
 17963 | Elf:2    | Paralysed by an air elemental for 1 turns
 18022 | Elf:2    | Found Puawnaez's Antique Weapon Boutique.
 18132 | Elf:3    | Identified the "Koester"
 18132 | Elf:3    | Entered Level 3 of the Elven Halls
 18143 | Elf:3    | Reached skill level 10 in Evocations
 18271 | Elf:3    | Found Bygewoneef's Antique Armour Shop.
 18366 | Elf:3    | Noticed a deep elf blademaster
 18378 | Elf:3    | Killed a deep elf blademaster
 18384 | Elf:3    | Noticed a deep elf master archer
 18405 | Elf:3    | Killed a deep elf master archer
 18446 | Elf:3    | Identified the +10 trident of Mourning {spect, rElec rPois
                  | Int-3 Stlth+}
 18628 | Elf:3    | Noticed a deep elf blademaster
 18630 | Elf:3    | Noticed a deep elf blademaster
 18632 | Elf:3    | Killed a deep elf blademaster
 18634 | Abyss:3  | Cast into level 3 of the Abyss (a deep elf sorcerer)
 18662 | Abyss:3  | Killed an Executioner
 18665 | Abyss:3  | Noticed a quicksilver dragon
 18678 | Abyss:3  | Killed a quicksilver dragon
 18778 | Abyss:3  | Lost mutation: You are partially covered in large bone
                  | plates. (SH +4) [Jiyva's grace]
 18778 | Abyss:3  | Lost mutation: Your muscles are very strong. (Str +8,
                  | Int/Dex -2) [Jiyva's grace]
 18778 | Abyss:3  | Lost mutation: Your body has grown many eyes which may
                  | confuse attackers. (Acc +5) [Jiyva's grace]
 18778 | Abyss:3  | Gained mutation: Your natural rate of healing is unusually
                  | fast. [Jiyva's grace]
 18778 | Abyss:3  | Gained mutation: You heal very quickly. [Jiyva's grace]
 18778 | Abyss:3  | Gained mutation: You regenerate. [Jiyva's grace]
 18778 | Abyss:3  | Gained mutation: You are covered in slimy tendrils that may
                  | disarm your opponents. [Jiyva's grace]
 18795 | Abyss:3  | Reached XP level 17. HP: 109/158 MP: 16/16
 18819 | Abyss:3  | Got an abyssal rune of Zot
 18976 | Abyss:3  | Found a corrupted altar of Lugonu.
 18999 | Abyss:3  | Found a corrupted altar of Lugonu.
 19053 | Abyss:3  | Noticed a quicksilver dragon
 19059 | Abyss:3  | Killed a quicksilver dragon
 19084 | Elf:3    | Escaped the Abyss
 19087 | Elf:3    | Killed a deep elf blademaster
 19140 | Elf:3    | Noticed a deep elf master archer
 19144 | Elf:3    | Identified the +7 spear of Ceibiroe {drain, SInv}
 19147 | Elf:3    | Noticed a deep elf master archer
 19148 | Elf:3    | Killed a deep elf master archer
 19164 | Elf:3    | Killed a deep elf master archer
 19257 | Elf:3    | Identified the +5 dagger "Tormentor" {speed, Dex+6 Stlth+}
 19264 | Elf:3    | Reached skill level 15 in Dodging
 19845 | D:6      | Bought a glowing cloak for 180 gold pieces
 20159 | D:13     | Noticed Rupert
 20170 | D:13     | Killed Rupert
 20458 | D:13     | Found a gate to the Vaults.
 21041 | D:14     | Lost mutation: You are almost entirely resistant to further
                  | mutation and mutation removal. [Jiyva's grace]
 21041 | D:14     | Lost mutation: You regenerate. [Jiyva's grace]
 21041 | D:14     | Lost mutation: Your rubbery body absorbs attacks. (AC +1,
                  | EV +1) [Jiyva's grace]
 21041 | D:14     | Gained mutation: Your rubbery body absorbs attacks. (AC +1,
                  | EV +1) [Jiyva's grace]
 21041 | D:14     | Gained mutation: Your pliable body absorbs attacks. (AC +2,
                  | EV +2) [Jiyva's grace]
 21041 | D:14     | Gained mutation: Your gelatinous body deflects attacks. (AC
                  | +3, EV +3) [Jiyva's grace]
 21041 | D:14     | Gained mutation: You expend magic power (3 MP) to
                  | strengthen your wands. [Jiyva's grace]
 21062 | D:14     | Identified the +5 scale mail of Wayqus {Rampage Int+3}
 21098 | D:14     | Found a runed translucent door.
 21491 | D:15     | Entered Level 15 of the Dungeon
 21556 | D:15     | Found a staircase to the Depths.
 21696 | D:15     | Found the +3 pair of gauntlets of War {Slay+5}
 21697 | D:15     | Found Berhodaes's CLEARANCE SALE!.
 21783 | D:15     | Bought a scroll of teleportation for 9 gold pieces
 21783 | D:15     | Bought a potion of cancellation for 24 gold pieces
 22389 | Snake:1  | Entered Level 1 of the Snake Pit
 22393 | Snake:1  | Found a basalt altar of Yredelemnul.
 22408 | Snake:1  | Upgraded the game from 0.31-a0-1005-gfbdfbacc72 to
                  | 0.31-a0-1008-g5b978dac0e
 22507 | Snake:1  | Noticed Roxanne
 22526 | Snake:1  | Killed Roxanne
 22527 | Snake:1  | Reached XP level 18. HP: 170/170 MP: 17/17
 22577 | Snake:1  | Identified the serpent talisman of the Lotus Blossom {*Slow
                  | rN+++ Dex+4}
 22577 | Snake:1  | Noticed Aizul
 22583 | Snake:1  | Killed Aizul
 23261 | Snake:2  | Lost mutation: You are agile. (Dex +4, Str/Int -1) [Jiyva's
                  | grace]
 23261 | Snake:2  | Lost mutation: You heal very quickly. [Jiyva's grace]
 23261 | Snake:2  | Lost mutation: Your muscles are strong. (Str +4, Int/Dex
                  | -1) [Jiyva's grace]
 23261 | Snake:2  | Lost mutation: Your body has grown eyes which may confuse
                  | attackers. (Acc +3) [Jiyva's grace]
 23261 | Snake:2  | Lost mutation: Your gelatinous body deflects attacks. (AC
                  | +3, EV +3) [Jiyva's grace]
 23261 | Snake:2  | Lost mutation: You are covered in slimy tendrils that may
                  | disarm your opponents. [Jiyva's grace]
 23261 | Snake:2  | Gained mutation: Your muscles are strong. (Str +4, Int/Dex
                  | -1) [Jiyva's grace]
 23261 | Snake:2  | Gained mutation: Your muscles are very strong. (Str +8,
                  | Int/Dex -2) [Jiyva's grace]
 23261 | Snake:2  | Gained mutation: You are partially covered in iridescent
                  | scales. (AC +2) [Jiyva's grace]
 23261 | Snake:2  | Gained mutation: You are mostly covered in iridescent
                  | scales. (AC +4) [Jiyva's grace]
 23270 | Snake:2  | Noticed Frances
 23295 | Snake:2  | Killed Frances
 23356 | Snake:2  | Noticed Donald
 23366 | Snake:2  | Killed Donald
 23390 | Snake:2  | Found Orryor's Magic Scroll Emporium.
 23398 | Snake:2  | Bought a scroll of enchant armour for 112 gold pieces
 23398 | Snake:2  | Bought a scroll of immolation for 60 gold pieces
 23398 | Snake:2  | Bought a scroll of blinking for 112 gold pieces
 23919 | Snake:3  | Found Xodoud's Book Shoppe.
 23919 | Snake:3  | Found Veadeoso's Jewellery Shop.
 23921 | Snake:3  | Found Wedumug's Jewellery Shop.
 24355 | Snake:4  | Entered Level 4 of the Snake Pit
 24411 | Snake:4  | Identified the ring "Soifrol" {Wiz rCorr}
 24738 | Snake:4  | Lost mutation: You are mostly covered in iridescent scales.
                  | (AC +4) [Jiyva's grace]
 24738 | Snake:4  | Lost mutation: You passively map the area around you.
                  | [Jiyva's grace]
 24738 | Snake:4  | Gained mutation: You are agile. (Dex +4, Str/Int -1)
                  | [Jiyva's grace]
 24738 | Snake:4  | Gained mutation: You are very agile. (Dex +8, Str/Int -2)
                  | [Jiyva's grace]
 24738 | Snake:4  | Gained mutation: You are mostly covered in iridescent
                  | scales. (AC +4) [Jiyva's grace]
 24738 | Snake:4  | Gained mutation: You are completely covered in iridescent
                  | scales. (AC +6) [Jiyva's grace]
 24961 | Snake:4  | HP: 5/172 [poisoned by a nagaraja (poison arrow)]
 24961 | Snake:4  | Mangled by a nagaraja

Illustrated notes

Levels and vault maps discovered:
D:1:      evilmike_arrival_plus, layout_rooms,
          shapermc_ecumenical_altar_mp_vishouse
D:2:      layout_basic, serial_shops, shop, eino_curves_04
D:3:      layout_loops_corners, minmay_close_crescents
D:4:      kennysheep_kobold_camp, layout_basic,
          mainiacjoe_overflow_tiny_flanked, minmay_temple_entry_overgrown
D:5:      layout_loops_cross, uniq_menkaure
D:6:      cheibrodos_steamvent, layout_basic, mainiacjoe_overflow_catwalk,
          fedhas_altar_4, cheibriados_altar_1, serial_shops,
          nicolae_shop_gaudy_bauble, shop, shop, nicolae_square_shop,
          palyth_stone_intersect, roderic_roman_lattice, uniq_sigmund
D:7:      layout_rooms, zin_treasury
D:8:      layout_gridville, mainiacjoe_ossuary_entry_find_the_door,
          serial_shops, nicolae_shop_tiny_statue_garden,
          nicolae_shop_tiny_real_fake_doors, shop, nicolae_shop_hallway_plus,
          shop, st_stairs_4, minmay_misc_feat_iff, kennysheep_cluttered_room,
          kennysheep_generic_room_16
D:9:      layout_irregular_city, tso_oasis_becter
D:10:     kennysheep_kobold_lugonu_temple, layout_irregular_city,
          mainiacjoe_overflow_chevrons, david_orc_5, serial_shops, shop,
          minivault_26
D:11:     layout_basic, lair_entry_dummy
D:12:     layout_basic, uniq_kirke
D:13:     layout_long_grid, hellmonk_vaults_attempted_burglary, uniq_rupert
D:14:     layout_roguey, minmay_misc_feat_chi, kennysheep_treasure_room
D:15:     gammafunk_depths_entry_grave, layout_basic, grunt_decor_arrowhead,
          nicolae_shop_clearance
Lair:1:   layout_misc_corridors, grunt_megastairs_2, lemuel_fruit_fields,
          infiniplex_staircase_pool_2
Lair:2:   dragon1_lemuel, layout_cave_pods, nicolae_swamp_entry_splash_gauntlet,
          portal_ice_cave_rime, gauntlet_entry_generic, grunt_megastairs_1,
          uniq_sonja
Lair:3:   layout_long_grid, alex1729_snake_entry_snake, grunt_megastairs_3,
          serial_bayou_shore_b
Lair:4:   layout_regular_city, dpeg_slime_entry_enclosed,
          gammafunk_ghost_cemetery, nicolae_lair_lil_pond
Lair:5:   hangedman_lair_tendril_chambers, layout_long_grid,
          hangedman_lair_in_review
Snake:1:  layout_rooms, basic_altar, serial_bayou_shore_a, uniq_aizul,
          uniq_roxanne
Snake:2:  layout_rooms, minmay_shop_star, serial_bayou_shore_b, uniq_donald,
          uniq_frances
Snake:3:  layout_grid_maze, serial_bayou_shore_b, minmay_shop_grove
Snake:4:  minmay_snake_end_coiled, layout_cave_town
Orc:1:    layout_caves
Orc:2:    pubby_orc_utopia, uniq_nessos
Elf:1:    eino_elf_arrival_the_gate, layout_gridlike, special_room
          [special_room_mythical_zoo], serial_shops,
          nicolae_shop_gibbet_a_chance, hangedman_elven_crosses_minicolossus,
          nrook_uturn
Elf:2:    nicolae_elf_blades_splatter_lattice
          [nicolae_blade_entry_crossed_weapons], layout_rooms, serial_shops,
          nicolae_shop_trees, uniq_nikola
Elf:3:    minmay_elf_hall, layout_geoelf_octagon, serial_shops,
          nicolae_lakefront_shop

Skill      XL: |  1  2  3  4  5  6  7  8  9 10 11 12 13 14 15 16 17 18 |
---------------+-------------------------------------------------------+-----
Polearms       | 1 2 |  2.0
Axes           | 3 4 6 7 9 11 13 15 | 15.9
Fighting       | 4 7 9 10 12 13 14 16 17 18 | 18.0
Armour         | 4 7 9 10 12 13 14 16 17 18 | 18.0
Dodging        | 2 5 7 9 10 12 13 14 15 16 | 16.3
Shields        | 4 7 9 10 12 13 14 16 17 18 | 18.0
Evocations     | 4 6 7 9 10 11 12 | 12.4

Action                     |  1- 3 |  4- 6 |  7- 9 | 10-12 | 13-15 | 16-18 || total
---------------------------+-------+-------+-------+-------+-------+-------++-------
  Melee: War axe           |    81 |   104 |   275 |   404 |   548 |       ||  1412
         Headbutt          |     7 |    15 |    45 |    98 |   267 |   247 ||   679
         Bite              |       |       |       |    44 |     8 |       ||    52
         Broad axe         |       |       |       |       |   409 |   937 ||  1346
  Throw: Dart              |       |       |     2 |    29 |     6 |     3 ||    40
 Invoke: Oozemancy         |       |     1 |     1 |     3 |    15 |     8 ||    28
  Evoke: Wand              |       |       |       |     2 |     5 |     7 ||    14
         Phial of floods   |       |       |       |       |       |     1 ||     1
    Use: Scroll            |     4 |       |    10 |     3 |     5 |     5 ||    27
         Potion            |       |       |       |       |     2 |     8 ||    10
   Stab: Confused          |       |       |       |    22 |    34 |     3 ||    59
 Armour: Scale mail        |    55 |    53 |    38 |       |       |       ||   146
         Chain mail        |       |       |   204 |   109 |       |       ||   313
         Plate armour      |       |       |       |   119 |   561 |   587 ||  1267
  Dodge: Dodged            |    33 |    42 |   114 |   140 |   291 |   413 ||  1033
  Block: Buckler           |    20 |    20 |    35 |    85 |       |       ||   160
         Kite shield       |       |       |       |    35 |   748 |   737 ||  1520

Table legend: (Time is in decaauts)
 A = Elapsed time spent in this place.
 B = Non-inter-level travel time spent in this place.
 C = Inter-level travel time spent in this place.
 D = Time resting spent in this place.
 E = Time spent auto-exploring this place.
 F = Levels seen in this place.
 G = Mean time per level.
                   A        B        C        D        E       F      G
               +--------+--------+--------+--------+--------+-----+--------+
         Total |  25872 |  23786 |   2086 |    209 |  17091 |  32 |  808.5 |
       Dungeon |  11585 |  10248 |   1337 |     61 |   7914 |  15 |  772.3 |
          Lair |   5679 |   5295 |    384 |      0 |   3949 |   5 | 1135.8 |
     Snake Pit |   2724 |   2658 |     66 |    100 |   1837 |   4 |  681.0 |
  Orcish Mines |   1784 |   1650 |    134 |      0 |   1081 |   2 |  892.0 |
   Elven Halls |   2599 |   2436 |    163 |     48 |   1521 |   3 |  866.3 |
         Abyss |    444 |    444 |      0 |      0 |     80 |   1 |  444.0 |
       Ossuary |    121 |    121 |      0 |      0 |     60 |   1 |  121.0 |
      Ice Cave |    931 |    931 |      0 |      0 |    647 |   1 |  931.0 |
               +--------+--------+--------+--------+--------+-----+--------+

Top non-repeatable levels by time:
  Lair:5: 1593 daAuts
   Orc:2: 1575 daAuts
  Lair:2: 1344 daAuts
     D:4: 1239 daAuts
  Lair:4: 1135 daAuts
   Elf:3: 1114 daAuts
   Elf:1: 1099 daAuts
   IceCv: 931 daAuts
     D:8: 883 daAuts
  Lair:3: 853 daAuts
     D:1: 847 daAuts
    D:13: 825 daAuts
 Snake:3: 813 daAuts
     D:9: 789 daAuts
    D:12: 766 daAuts
